[Event "*** SCC Grand Prix: Titled Tuesday Blitz"]
[Site "Chess.com"]
[Date "2020.06.23"]
[Round "2"]
[White "ajian"]
[Black "timedothwasteme"]
[Result "1-0"]
[WhiteElo "2406"]
[BlackElo "2142"]
[TimeControl "180+1"]
[EndTime "10:16:37 PDT"]
[Termination "ajian won by resignation"]

1. d4 Nf6 2. c4 g6 3. Nc3 Bg7 4.
e4 d6 5. Nf3 O-O 6. Be2 e5 7.
d5 a5 8. Bg5 h6 9. Bh4 Na6 10.
Nd2 Nc5 11. O-O Bd7 12. Rb1 a4 13. b4 axb3 14. axb3 Qe8 15. b4 Na4 16. Qc2 Nxc3 17. Qxc3 Ra2 18. Rb2 Rxb2 19. Qxb2 Nh7 20. c5 f5 21. f3 g5 22. Bf2 f4 23. b5 dxc5 24. Bxc5 Rf7 25. b6 Bf8 26. Bf2 c6 27. Bc4 cxd5 28. Bxd5 Be6 29. Qxe5 Rf6 30. Rc1 Qd8 31. Bxe6+ 1-0

[Event "*** SCC Grand Prix: Titled Tuesday Blitz"]
[Site "Chess.com"]
[Date "2020.06.23"]
[Round "2"]
[White "Indianlad"]
[Black "Muracle"]
[Result "1-0"]
[WhiteElo "2971"]
[BlackElo "2603"]
[TimeControl "180+1"]
[EndTime "10:16:38 PDT"]
[Termination "Indianlad won by resignation"]

1. e4 c5 2. Nc3 Nc6 3. Bb5 Nd4 4. Nf3 Nxb5 5. Nxb5 g6 6. d4 Bg7 7. dxc5 Qa5+ 8.
Nc3 Qxc5 9. O-O Nf6 10. Be3 Qa5 11. Qd2 O-O 12. Bh6 d6 13. Bxg7 Kxg7 14. Rfe1 Bg4 15. Nd4 Rac8 16. h3 Bd7 17. Re3 Rfd8 18. Rae1 Qb6 19.
Nb3 e5 20. Rf3 Be6 21. Qg5 Ng8 22. Rd1 h6 23. Qd2 Ne7 24. Rd3 Rc6 25. Kh1 a6 26. f4 exf4 27. Qxf4 g5 28. Qg3 Ng6 29. Nd4 Ne5 30. Nxc6 bxc6 31. Rxd6 Rxd6 32. Qxe5+ 1-0

[Event "*** SCC Grand Prix: Titled Tuesday Blitz"]
[Site "Chess.com"]
[Date "2020.06.23"]
[Round "2"]
[White "WonderChampion"]
[Black "Karateloru"]
[Result "0-1"]
[WhiteElo "2024"]
[BlackElo "2620"]
[TimeControl "180+1"]
[EndTime "10:16:38 PDT"]
[Termination "Karateloru won by resignation"]

1. d4 Nf6 2. Bg5 d5 3. Nd2 Bf5 4. Ngf3 Nbd7 5. e3 e6 6. c4 c6 7. Be2 h6 8. Bh4 Bd6 9. O-O O-O 10. Rc1 Qc7 11. cxd5 exd5 12. a3 a5 13. Bg3 Ne4 14. Nxe4 Bxe4 15. Nd2 Bxg3 16. fxg3 Bg6 17. Nf3 Rfe8 18.
Qd2 Qd6 19. Nh4 Qe6 20. Nxg6 fxg6 21. Rf3 g5 22. Rcf1 g4 23. Rf4 Qxe3+ 24. Qxe3 Rxe3 25. Bxg4 Nf6 26. Bd1 Rae8 27. g4 Rd3 28. h4 Ne4 29. Rf7 Ng3 30. Bc2 Rd2 31. R7f2 Ne2+ 32. Rxe2 Rexe2 33.
Be4 dxe4 0-1

[Event "*** SCC Grand Prix: Titled Tuesday Blitz"]
[Site "Chess.com"]
[Date "2020.06.23"]
[Round "2"]
[White "1f3_2g41-0"]
[Black "Violord"]
[Result "0-1"]
[WhiteElo "2231"]
[BlackElo "2627"]
[TimeControl "180+1"]
[EndTime "10:16:39 PDT"]
[Termination "Violord won by resignation"]

1. e4 e5 2. Nf3 Nc6 3. Bb5 a6 4. Ba4 Nf6 5. O-O Be7 6. Re1 b5 7. Bb3 O-O 8. c3 d6 9. h3 Nb8 10. d4 Nbd7 11. Bg5 Bb7 12. Nbd2 h6 13. Bh4 c5 14. d5 c4 15. Bc2 Nxd5 16. exd5 Bxh4 17. Ne4 Be7 18. Ng3 g6 19. Qd2 Kg7 20. Rad1 Nf6 21. Nh4 Bc8 22. Bf5 Ng8 23. Bxc8 Qxc8 24. Nf3 Ra7 25.
Qe3 Rc7 26. Nxe5 dxe5 27. d6 Bxd6 28. Rxd6 Re8 29. Rxa6 Qxa6 0-1

[Event "*** SCC Grand Prix: Titled Tuesday Blitz"]
[Site "Chess.com"]
[Date "2020.06.23"]
[Round "2"]
[White "swisspower96"]
[Black "Micki-taryan"]
[Result "0-1"]
[WhiteElo "2608"]
[BlackElo "3021"]
[TimeControl "180+1"]
[EndTime "10:16:40 PDT"]
[Termination "Micki-taryan won by resignation"]

1. d4 Nf6 2. c4 e6 3. Nf3 b6 4.
g3 Ba6 5. Nbd2 Bb4 6. Qa4 Bxd2+ 7. Bxd2 Bb7 8. Bg2 O-O 9. O-O d6 10. Rfe1 Nbd7 11. Rac1 h6 12. Bc3 Ne4 13. Qc2 f5 14. b3 Nxc3 15. Qxc3 Nf6 16. Rcd1 Qe8 17. Bf1 Qh5 18. Bg2 a5 19. a3 Be4 20. c5 Nd5 21.
Qc1 Kh7 22. Nd2 Bxg2 23. Kxg2 f4 24. cxd6 fxg3 25. Qc2+ Kh8 26. Nf3 Rxf3 27. exf3 Nf4+ 28. Kf1 Qh3+ 0-1

[Event "*** SCC Grand Prix: Titled Tuesday Blitz"]
[Site "Chess.com"]
[Date "2020.06.23"]
[Round "2"]
[White "DonBroca"]
[Black "stolencandy13"]
[Result "0-1"]
[WhiteElo "2141"]
[BlackElo "2406"]
[TimeControl "180+1"]
[EndTime "10:16:41 PDT"]
[Termination "stolencandy13 won by resignation"]

1. c4 f5 2. Nc3 Nf6 3. d4 e6 4. Bg5 Be7 5. Nf3 O-O 6. e3 b6 7. Bd3 Bb7 8. Qc2 Nc6 9. O-O-O Nb4 10. Qb1 Ne4 11. Bxe7 Qxe7 12. Rhf1 Nxc3 13. bxc3 Nxd3+ 14. Qxd3 Qa3+ 15. Kd2 Be4 16. Qe2 Qb2+ 17. Ke1 Qxc3+ 18. Qd2 Qxc4 19. Ne5 Qd5 20. f3 d6 21. fxe4 fxe4 22.
Ng4 Qg5 23. h3 h5 24. Nh2 Qg3+ 25. Rf2 Qxh2 26. Qe2 Qg1+ 27. Rf1 Rxf1+ 28. Qxf1 Qxe3+ 29. Qe2 Qxe2+ 30. Kxe2 d5 31. Rc1 Rc8 32. Rc6 Kf7 33. g4 hxg4 34. hxg4 Ke7 35. Ke3 Kd7 36. Rc3 c5 37. dxc5 bxc5 38. Ra3 Rc7 39. g5 Kd6 40. Kf4 Rf7+ 0-1

[Event "*** SCC Grand Prix: Titled Tuesday Blitz"]
[Site "Chess.com"]
[Date "2020.06.23"]
[Round "2"]
[White "c63_amg"]
[Black "PowerThinking2650"]
[Result "1-0"]
[WhiteElo "2771"]
[BlackElo "2341"]
[TimeControl "180+1"]
[EndTime "10:16:42 PDT"]
[Termination "c63_amg won by checkmate"]

1. e4 e5 2. Nf3 Nc6 3. d4 exd4 4. Bc4 Nf6 5. e5 d5 6. Bb5 Ne4 7. Nxd4 Bc5 8. Be3 Bd7 9. Bxc6 bxc6 10. f3 Qh4+ 11. g3 Nxg3 12. Bf2 Bxd4 13. Bxg3 Qh3 14. Qxd4 Qg2 15. Rg1 Qxf3 16. Nd2 Qf5 17. O-O-O Rb8 18. Nb3 O-O 19. Rdf1 Qe6 20. Kb1 Qe7 21. Nc5 Be6 22. Bh4 Qe8 23. Bf6 g6 24. Qe3 Rb5 25.
Qh6 Rxc5 26. Qg7# 1-0

[Event "*** SCC Grand Prix: Titled Tuesday Blitz"]
[Site "Chess.com"]
[Date "2020.06.23"]
[Round "2"]
[White "CarlosAlbornoz"]
[Black "Logman74"]
[Result "1-0"]
[WhiteElo "2714"]
[BlackElo "2482"]
[TimeControl "180+1"]
[EndTime "10:16:45 PDT"]
[Termination "CarlosAlbornoz won on time"]

1. e4 c5 2. Nf3 d6 3. d4 cxd4 4. Nxd4 Nf6 5. Nc3 a6 6. h4 e5 7. Nb3 Be6 8. f4 exf4 9. Bxf4 Nc6 10. Qd2 Qc7 11. O-O-O Ne5 12. Nd4 Be7 13. g3 O-O 14. Nxe6 fxe6 15. Bh3 Qc8 16. Nd5 Bd8 17. Nxf6+ Bxf6 18. Qxd6 Nc4 19. Qxe6+ Kh8 20. Qxc8 Raxc8 21. e5 Be7 22.
Bxc8 Rxc8 23. Rd7 Bf8 24. Rhd1 Na3 25. bxa3 g5 26. Rd8 1-0

[Event "*** SCC Grand Prix: Titled Tuesday Blitz"]
[Site "Chess.com"]
[Date "2020.06.23"]
[Round "2"]
[White "OhanyanEminChess"]
[Black "Shota_Azaladze"]
[Result "1-0"]
[WhiteElo "2515"]
[BlackElo "2713"]
[TimeControl "180+1"]
[EndTime "10:16:46 PDT"]
[Termination "OhanyanEminChess won by checkmate"]

1. e4 g6 2. d4 Bg7 3. Nc3 c6 4. f4 d5 5. e5 Nh6 6. Nf3 Bg4 7. Be2 Nf5 8. O-O f6 9. h3 Bxf3 10. Bxf3 Qb6 11. Ne2 fxe5 12. fxe5 Bxe5 13. c3 O-O 14. Kh1 Bg7 15. Bf4 Nd7 16. Ng3 e5 17. dxe5 Nxe5 18.
Nxf5 Rxf5 19. Bxe5 Rxe5 20. Qd2 Rae8 21. Rae1 Qc7 22.
Rxe5 Qxe5 23. Qd3 Qg5 24. c4 Re3 25. Qc2 Be5 26. Qf2 d4 27. Bd5+ Kg7 28. Qf8# 1-0

[Event "*** SCC Grand Prix: Titled Tuesday Blitz"]
[Site "Chess.com"]
[Date "2020.06.23"]
[Round "2"]
[White "Schachmalanders"]
[Black "LiverpooL174"]
[Result "0-1"]
[WhiteElo "2336"]
[BlackElo "2671"]
[TimeControl "180+1"]
[EndTime "10:16:47 PDT"]
[Termination "LiverpooL174 won by checkmate"]

1. e4 c6 2. d4 d5 3. Nc3 dxe4 4. Nxe4 Bf5 5. Ng3 Bg6 6. Nf3 Nf6 7. h4 h6 8. h5 Bh7 9. Bd3 Bxd3 10. Qxd3 e6 11. Bd2 c5 12. Bc3 Nc6 13. O-O-O Qd5 14. Kb1 c4 15. Qe3 b5 16. Bd2 b4 17.
Bc1 a5 18. Ne5 a4 19. Rhe1 b3 20. a3 bxc2+ 21. Kxc2 Be7 22. Qf3 Rc8 23. Nxc6 Rxc6 24. Ne4 O-O 25. Nxf6+ Bxf6 26. Qxd5 exd5 27. Bd2 Re6 28.
Bc3 Rfe8 29. Rxe6 Rxe6 30. Rd2 Bg5 31. Rd1 Re2+ 32. Kb1 Rxf2 33. Re1 Rxg2 34. Re5 Rh2 35. Rxd5 Rxh5 36. Rc5 Rh1+ 37. Ka2 f6 38. Rxc4 h5 39.
d5 Rd1 40. Rd4 Rxd4 41. Bxd4 h4 42. b4 h3 43. Bg1 Bf4 44. b5 h2 45. Bxh2 Bxh2 46. Kb2 g5 47. Kc3 Bd6 48. b6 g4 49.
b7 g3 50. Kc4 g2 51. Kb5 g1=Q 52. Kc6 Qc5+ 53. Kd7 Qc7+ 54. Ke6 Qe7+ 55. Kf5 Qe5+ 56. Kg6 Qg5# 0-1

[Event "*** SCC Grand Prix: Titled Tuesday Blitz"]
[Site "Chess.com"]
[Date "2020.06.23"]
[Round "2"]
[White "GMJustin"]
[Black "Warre"]
[Result "0-1"]
[WhiteElo "2273"]
[BlackElo "2467"]
[TimeControl "180+1"]
[EndTime "10:16:48 PDT"]
[Termination "Warre won on time"]

1. d4 Nf6 2. c4 e6 3. Nc3 Bb4 4. e3 O-O 5. Bd3 c5 6. d5 exd5 7. cxd5 d6 8. Ne2 Re8 9. O-O Nbd7 10. e4 a6 11. a4 Ne5 12. Bc2 Bd7 13. f4 Ng6 14. e5 dxe5 15. f5 Nf8 16. Bg5 h6 17. Bh4 c4 18. Ne4 N8h7 19. Kh1 Qb6 20. Bf2 Qc7 21. d6 Qc8 22. N2c3 Bc6 23. Qe2 Bxc3 24. Nxc3 b5 0-1

[Event "*** SCC Grand Prix: Titled Tuesday Blitz"]
[Site "Chess.com"]
[Date "2020.06.23"]
[Round "2"]
[White "FairChess_on_YouTube"]
[Black "Hasangatin_Ramil"]
[Result "1-0"]
[WhiteElo "2984"]
[BlackElo "2603"]
[TimeControl "180+1"]
[EndTime "10:16:49 PDT"]
[Termination "FairChess_on_YouTube won on time"]

1. e4 c5 2. Nc3 e6 3. Nge2 Nc6 4. d4 cxd4 5. Nxd4 Bb4 6. Nxc6 dxc6 7. Qxd8+ Kxd8 8. Bf4 Nf6 9. O-O-O+ Ke8 10. f3 Nh5 11.
Bc7 Bd7 12. Bc4 Rc8 13. Be5 f6 14. Bd4 b6 15. a3 Be7 16. e5 Nf4 17. Ne4 c5 18. Bc3 b5 19. exf6 bxc4 20. fxe7 Ne2+ 21. Kd2 Nxc3 22. Nd6+ Kxe7 23. Nxc8+ Rxc8 24. Kxc3 Rb8 25. Rhe1 Bc6 26. Re5 Rb5 27. Rde1 Bd7 28. R1e4 Kd6 29. Rg5 g6 30. Rxc4 1-0

[Event "*** SCC Grand Prix: Titled Tuesday Blitz"]
[Site "Chess.com"]
[Date "2020.06.23"]
[Round "2"]
[White "mbojan"]
[Black "Richarzard69"]
[Result "1-0"]
[WhiteElo "2591"]
[BlackElo "2270"]
[TimeControl "180+1"]
[EndTime "10:16:49 PDT"]
[Termination "mbojan won on time"]

1. e4 e6 2. d4 d5 3. Nc3 Bb4 4. e5 c5 5. Bd2 Ne7 6. a3 Bxc3 7. Bxc3 cxd4 8. Bxd4 Nbc6 9. c3 O-O 10. Nf3 Bd7 11.
Bd3 h6 12. O-O Nxd4 13. cxd4 Qb6 14. Qe2 Rfc8 15. Rfc1 a6 16. b4 Bb5 17. Bxb5 axb5 18. Rc5 Rxc5 19. dxc5 Qa6 20. Nd4 Nc6 21. Nxb5 Nxb4 22.
h3 Nc6 23. Qb2 Nxe5 24. Nc7 Nc4 25. Qb4 Qa5 26. Nxa8 Qxa8 27. Rb1 g6 28. a4 Kg7 29.
Qxb7 Qxa4 30. c6 Qc2 31. c7 Na5 32. Qb2+ Qxb2 33. Rxb2 1-0

[Event "*** SCC Grand Prix: Titled Tuesday Blitz"]
[Site "Chess.com"]
[Date "2020.06.23"]
[Round "2"]
[White "tan275"]
[Black "valeriocarnicelli"]
[Result "1-0"]
[WhiteElo "2267"]
[BlackElo "2545"]
[TimeControl "180+1"]
[EndTime "10:16:52 PDT"]
[Termination "tan275 won by resignation"]

1. d4 Nf6 2. c4 g6 3. g3 Bg7 4. Bg2 O-O 5. Nf3 d6 6. Nc3 Nbd7 7. O-O e5 8. h3 c6 9. e4 Qb6 10. d5 Nc5 11. Qe2 a5 12. Be3 cxd5 13. cxd5 Bd7 14. Rfb1 Rfc8 15. Nd2 Qa6 16. Qxa6 Nxa6 17. Bf1 Nb4 18. Rc1 h5 19. a3 Na6 20. Nb5 Ne8 21.
a4 Kh7 22. Nc4 Bh6 23. Bxh6 Kxh6 24. Ncxd6 Nxd6 25. Nxd6 Rxc1 26. Rxc1 Kg7 27. b3 Rb8 28. Bxa6 bxa6 29. Rc7 Be8 30. Nxe8+ Rxe8 31. Ra7 Rb8 32. Rxa6 Rxb3 33. Rxa5 Rb4 34. d6 Rd4 35. Rd5 Kf8 36. Rxd4 exd4 37. a5 d3 38. Kf1 1-0

[Event "*** SCC Grand Prix: Titled Tuesday Blitz"]
[Site "Chess.com"]
[Date "2020.06.23"]
[Round "2"]
[White "angryhorse9"]
[Black "HanSchut"]
[Result "1-0"]
[WhiteElo "2445"]
[BlackElo "2208"]
[TimeControl "180+1"]
[EndTime "10:16:52 PDT"]
[Termination "angryhorse9 won by resignation"]

1. e4 c5 2. Nf3 d6 3. Bb5+ Nd7 4. d4 cxd4 5. Qxd4 a6 6. Bxd7+ Bxd7 7. e5 dxe5 8. Nxe5 Nf6 9. Nc3 e6 10. Bg5 Be7 11. O-O-O Bc6 12. Nxc6 bxc6 13. Qc4 Qc8 14. Bxf6 Bxf6 15. Ne4 Be7 16. Nd6+ Bxd6 17. Rxd6 O-O 18. Qxc6 Qb8 19. Rhd1 Qb4 20. g3 Rab8 21. b3 a5 22. R6d4 Qa3+ 23. Kb1 Rbc8 24. Qxc8 Rxc8 25. Rd8+ Qf8 26.
Rxf8+ Kxf8 27. c4 Ke7 28. Kc2 e5 29. Kc3 Ke6 30. a3 f5 31. b4 axb4+ 32. axb4 g5 33.
c5 e4 34. Kc4 f4 35. gxf4 gxf4 36. b5 Kf5 37. c6 e3 38. fxe3 fxe3 39. Kc5 Ke4 40. b6 e2 41. Re1 Ke3 42. b7 1-0

[Event "*** SCC Grand Prix: Titled Tuesday Blitz"]
[Site "Chess.com"]
[Date "2020.06.23"]
[Round "2"]
[White "Shubinkirill2003"]
[Black "KyrgyzFighter"]
[Result "1-0"]
[WhiteElo "2636"]
[BlackElo "2269"]
[TimeControl "180+1"]
[EndTime "10:16:53 PDT"]
[Termination "Shubinkirill2003 won by resignation"]

1. e4 e6 2. d4 d5 3. Nc3 Nf6 4. Bg5 Be7 5. e5 Nfd7 6. Bxe7 Qxe7 7. Qd2 O-O 8. f4 c5 9. dxc5 Nxc5 10. Nf3 Nc6 11.
Qe3 a6 12. a3 Rd8 13. Rd1 b5 14. b4 Nd7 15. Bd3 Nf8 16. Ne2 a5 17. Bxb5 Bb7 18.
c3 axb4 19. axb4 Nxb4 20. O-O Nc2 21. Qf2 Ba6 22. Bxa6 Rxa6 23. Ned4 Nxd4 24. Nxd4 Rc8 25. f5 exf5 26. Nxf5 Qxe5 27. Rde1 Qxc3 28. Ne7+ Kh8 29. Nxc8 Rf6 30. Re8 1-0

[Event "*** SCC Grand Prix: Titled Tuesday Blitz"]
[Site "Chess.com"]
[Date "2020.06.23"]
[Round "2"]
[White "BogdanDeac"]
[Black "Matveev_Vladimir"]
[Result "1-0"]
[WhiteElo "2830"]
[BlackElo "2541"]
[TimeControl "180+1"]
[EndTime "10:16:58 PDT"]
[Termination "BogdanDeac won by resignation"]

1. Nf3 Nf6 2. c4 g6 3. Nc3 Bg7 4. g3 O-O 5. Bg2 d6 6. d4 Nc6 7. O-O Bf5 8. Ne1 Na5 9. e4 Bg4 10. f3 Bd7 11. Qe2 c5 12. dxc5 Be6 13. b3 dxc5 14. e5 Qd4+ 15. Qe3 Ng4 16. fxg4 Bxe5 17.
Rf3 Bxg4 18. Qxd4 cxd4 19. Nd5 Bxf3 20. Nxe7+ Kg7 21. Nxf3 Bf6 22. Nd5 Nc6 23. Bb2 Rfd8 24. Rd1 a5 25. Nxf6 Kxf6 26. Nxd4 Nxd4 27. Bxd4+ Ke7 28.
Bxb7 Rab8 29. Bd5 a4 30. b4 a3 31. Bc5+ Kf6 32. Rf1+ Kg5 33. Be7+ 1-0

[Event "*** SCC Grand Prix: Titled Tuesday Blitz"]
[Site "Chess.com"]
[Date "2020.06.23"]
[Round "2"]
[White "MarcoRiehle"]
[Black "ARTHURMOTIVATOR"]
[Result "1-0"]
[WhiteElo "2705"]
[BlackElo "2344"]
[TimeControl "180+1"]
[EndTime "10:16:59 PDT"]
[Termination "MarcoRiehle won by resignation"]

1. e4 c6 2. c4 d5 3. cxd5 cxd5 4. exd5 Nf6 5. Nc3 g6 6. Bc4 Bg7 7. d3 O-O 8. Nf3 Na6 9. O-O Nc7 10. Qb3 Nfe8 11.
Bf4 Nd6 12. a4 h6 13. Rfe1 Rb8 14. Be5 f6 15. Bxd6 exd6 16. Nd4 f5 17. Nc6 bxc6 18. Qxb8 Bxc3 19. bxc3 cxd5 20. Ba2 Qd7 21. Qxa7 Ba6 22. Bxd5+ Kh7 23. Bc6 Qg7 24. Bb5 Bxb5 25. axb5 Nxb5 26. Qxg7+ Kxg7 27. c4 Nd4 28. h3 Kf6 29. Ra6 Rd8 30. c5 Nb5 31. Rb1 Nc3 32. Rbb6 Ke5 33. d4+ Ke4 34.
Rxd6 Rb8 35. Rdb6 Rd8 36. c6 Rxd4 37. c7 Rd1+ 38. Kh2 1-0

[Event "*** SCC Grand Prix: Titled Tuesday Blitz"]
[Site "Chess.com"]
[Date "2020.06.23"]
[Round "2"]
[White "SiddharthGMJagadeesh"]
[Black "Mbneu"]
[Result "1-0"]
[WhiteElo "2440"]
[BlackElo "2201"]
[TimeControl "180+1"]
[EndTime "10:16:59 PDT"]
[Termination "SiddharthGMJagadeesh won by resignation"]

1. e4 c5 2. Nf3 Nf6 3. Nc3 d5 4. Bb5+ Bd7 5. Bxd7+ Qxd7 6. exd5 Nxd5 7. O-O Nc6 8. d3 e6 9. Re1 Be7 10. Bg5 O-O 11. Bxe7 Ndxe7 12. Ne4 b6 13. Nfg5 h6 14. Qh5 Qd5 15. Re3 f5 16. Nc3 Qd7 17. Nxe6 Rf6 18. Rae1 Nd5 19. Nxd5 1-0

[Event "*** SCC Grand Prix: Titled Tuesday Blitz"]
[Site "Chess.com"]
[Date "2020.06.23"]
[Round "2"]
[White "dpruess"]
[Black "FM_VS99"]
[Result "1-0"]
[WhiteElo "2479"]
[BlackElo "2298"]
[TimeControl "180+1"]
[EndTime "10:17:02 PDT"]
[Termination "dpruess won by resignation"]

1. e4 g6 2. d4 Bg7 3. Nc3 d6 4. f4 a6 5. Nf3 b5 6. Bd3 Nd7 7.
O-O c5 8. Be3 Bb7 9. e5 cxd4 10.
Bxd4 Nh6 11. Be4 Bxe4 12. Nxe4 O-O 13. exd6 Nf5 14. Bxg7 Kxg7 15. dxe7 Qxe7 16. Re1 Rad8 17. Qd2 Nc5 18. Qc3+ f6 19. Nxc5 1-0

[Event "*** SCC Grand Prix: Titled Tuesday Blitz"]
[Site "Chess.com"]
[Date "2020.06.23"]
[Round "2"]
[White "Aygehovit1992"]
[Black "Karacsonyi_Gellert"]
[Result "0-1"]
[WhiteElo "2687"]
[BlackElo "2484"]
[TimeControl "180+1"]
[EndTime "10:17:03 PDT"]
[Termination "Karacsonyi_Gellert won by resignation"]

1. e4 c5 2. Nf3 Nc6 3. Bb5 g6 4. Bxc6 dxc6 5. d3 Bg7 6. h3 Nf6 7. Nc3 Nd7 8. Be3 e5 9. Qd2 Qe7 10. Bh6 f6 11. O-O-O Nf8 12. Bxg7 Qxg7 13. Nh2 Ne6 14.
g3 b5 15. f4 O-O 16. h4 Nd4 17.
Ne2 Be6 18. Kb1 Qf7 19. Nc1 b4 20. h5 a5 21. hxg6 hxg6 22. Rdf1 Qg7 23. c3 bxc3 24. bxc3 Rab8+ 25. Ka1 Nb5 26. f5 Na3 27. Ne2 gxf5 28. exf5 Bd5 29. Nf3 Rb7 30. c4 Bxf3 31. Rxf3 Rfb8 32. Nc3 Qh6 33. Qc1 Qxh1 0-1

[Event "*** SCC Grand Prix: Titled Tuesday Blitz"]
[Site "Chess.com"]
[Date "2020.06.23"]
[Round "2"]
[White "Eliwood44"]
[Black "Zufi1811"]
[Result "1-0"]
[WhiteElo "2308"]
[BlackElo "2454"]
[TimeControl "180+1"]
[EndTime "10:17:05 PDT"]
[Termination "Eliwood44 won on time"]

1. d4 Nf6 2. Nf3 g6 3. e3 Bg7 4. Be2 O-O 5. O-O d6 6. a4 a5 7.
Nc3 d5 8. Na2 c6 9. b3 Bg4 10. Bb2 Nbd7 11. Nc1 Ne4 12. Nd3 Re8 13. Nfe5 Bxe2 14. Qxe2 f6 15. Nxd7 Qxd7 16. f3 Nd6 17. e4 e6 18. Nc5 Qf7 19. Rae1 b6 20. Nd3 f5 21. Ne5 Qb7 22. Ba3 Qc7 23. Kh1 dxe4 24.
Bxd6 Qxd6 25. Nc4 Qxd4 26. fxe4 b5 27. axb5 cxb5 28. Rd1 Qxe4 29. Qxe4 fxe4 30. Nd6 Reb8 31. Nxe4 Ra7 32. Ng5 a4 33. bxa4 1-0

[Event "*** SCC Grand Prix: Titled Tuesday Blitz"]
[Site "Chess.com"]
[Date "2020.06.23"]
[Round "2"]
[White "albano87"]
[Black "Timerkhanov"]
[Result "1-0"]
[WhiteElo "2342"]
[BlackElo "2617"]
[TimeControl "180+1"]
[EndTime "10:17:10 PDT"]
[Termination "albano87 won by resignation"]

1. e4 c5 2. Nf3 d6 3. d4 cxd4 4. Qxd4 Nc6 5. Bb5 Bd7 6. Bxc6 Bxc6 7. Nc3 Nf6 8. Bg5 e6 9. Qd3 Be7 10. Nd4 Rc8 11. O-O-O Qa5 12. f4 O-O 13. Kb1 a6 14. f5 e5 15. Nb3 Qc7 16. Bxf6 Bxf6 17. Qxd6 Qxd6 18. Rxd6 Be7 19. Rd3 g6 20. g4 Rfd8 21. Rhd1 Rxd3 22. Rxd3 Kg7 23. Na5 Bg5 24. Nxc6 Rxc6 25.
b3 gxf5 26. exf5 Bf4 27. h4 Rh6 28. h5 Rc6 29. Ne4 Rc7 30. c4 h6 31. Kc2 Kf8 32. f6 Ke8 33. Nd6+ Kf8 34. Nxb7 Rc8 35.
Nd6 Rd8 36. c5 Bg5 37. c6 1-0

[Event "*** SCC Grand Prix: Titled Tuesday Blitz"]
[Site "Chess.com"]
[Date "2020.06.23"]
[Round "2"]
[White "Rskaak"]
[Black "Ural_bogatyr"]
[Result "0-1"]
[WhiteElo "1692"]
[BlackElo "2351"]
[TimeControl "180+1"]
[EndTime "10:17:10 PDT"]
[Termination "Ural_bogatyr won by resignation"]

1. d4 Nf6 2. Nf3 d5 3. Bg5 e6 4.
Nbd2 c6 5. e3 Nbd7 6. c4 h6 7. Bh4 g5 8. Bg3 Ne4 9. Bd3 f5 10. Be5 Nxe5 11. Nxe5 g4 12. f3 Qh4+ 13. g3 Nxg3 14. Ng6 Qh3 15. Nf4 Qh4 16. Ng6 Qg5 17. Nf4 Nxh1 18. Qe2 Qh4+ 19. Kd1 Nf2+ 20. Kc2 Nxd3 21. Qxd3 Qf6 22. fxg4 Bd6 23. gxf5 Bxf4 24. exf4 Qxf5 25. Qxf5 exf5 26. Re1+ Kf7 27. c5 Re8 28. Rg1 Be6 29. Nf3 Rg8 30. Ne5+ Kf6 31. Rh1 Rg2+ 32. Kc3 Rag8 33. h4 a5 34. a4 R8g3+ 35. Nd3 Rf3 36. Re1 Bf7 37. b4 axb4+ 0-1

[Event "*** SCC Grand Prix: Titled Tuesday Blitz"]
[Site "Chess.com"]
[Date "2020.06.23"]
[Round "2"]
[White "Msb2"]
[Black "Skatchkov_V"]
[Result "1-0"]
[WhiteElo "2828"]
[BlackElo "2540"]
[TimeControl "180+1"]
[EndTime "10:17:12 PDT"]
[Termination "Msb2 won by resignation"]

1. d4 Nf6 2. c4 e6 3. Nc3 Bb4 4. e3 O-O 5. Bd2 b6 6. Nf3 Bb7 7. Bd3 d5 8. cxd5 exd5 9. O-O Nbd7 10. Rc1 a6 11. Ne5 Re8 12. f4 Nf8 13. Qf3 c5 14. Be1 cxd4 15. exd4 Ne6 16. Bf2 Rc8 17. Bb1 Ne4 18.
Nxe4 Rxc1 19. Rxc1 dxe4 20. Bxe4 Bxe4 21. Qxe4 Bd2 22.
Rd1 Bxf4 23. Nc6 Qd6 24. g3 Ng5 25. Qxe8+ 1-0

[Event "*** SCC Grand Prix: Titled Tuesday Blitz"]
[Site "Chess.com"]
[Date "2020.06.23"]
[Round "2"]
[White "kleinebeer98"]
[Black "kleopl"]
[Result "1-0"]
[WhiteElo "2663"]
[BlackElo "2394"]
[TimeControl "180+1"]
[EndTime "10:17:12 PDT"]
[Termination "kleinebeer98 won by resignation"]

1. e4 d5 2. exd5 Qxd5 3. Nc3 Qd6 4. g3 e5 5. Bg2 Nc6 6. Nge2 Bg4 7. h3 Bh5 8. O-O Nf6 9. d3 Be7 10. g4 Bg6 11.
Ng3 O-O-O 12. Nb5 Qc5 13. a4 h5 14. Be3 Nd4 15. c3 hxg4 16. cxd4 exd4 17. Rc1 dxe3 18. Rxc5 Bxc5 19. d4 gxh3 20. Bf3 a6 21. Qb3 h2+ 22. Kh1 Bb6 23. a5 axb5 24. axb6 c6 25. fxe3 Rh3 26. Qa3 Rxg3 27. Qa8+ Kd7 28. Qxb7+ Ke8 29. Bxc6+ Kf8 30. Qc7 Re8 31. Qxg3 1-0

[Event "*** SCC Grand Prix: Titled Tuesday Blitz"]
[Site "Chess.com"]
[Date "2020.06.23"]
[Round "2"]
[White "Firegrizzly"]
[Black "GM_dmitrij"]
[Result "1/2-1/2"]
[WhiteElo "2577"]
[BlackElo "2902"]
[TimeControl "180+1"]
[EndTime "10:17:16 PDT"]
[Termination "Game drawn by repetition"]

1. e4 e5 2. Nf3 Nc6 3. d4 exd4 4.
Nxd4 Nf6 5. Nxc6 bxc6 6. Bd3 d5 7. exd5 cxd5 8. O-O Be7 9. c4 O-O 10. Nc3 d4 11. Ne4 Bb7 12. Re1 Nxe4 13. Bxe4 Bxe4 14.
Rxe4 Bf6 15. Bf4 Qd7 16. Qd3 c5 17. Rae1 Rfe8 18. b3 a5 19. a4 h5 20. h3 g6 21.
Kf1 Kg7 22. Rxe8 Rxe8 23. Rxe8 Qxe8 24. Bd2 Qd8 25. Ke2 Qb6 26. Kd1 Qc6 27. f3 Bd8 28.
Qe4 Qxe4 29. fxe4 Kf6 30. Bf4 Ke6 31. Ke2 f5 32. Kd3 g5 33. exf5+ Kxf5 34. Bd6 Bb6 35. Bb8 g4 36. Bd6 gxh3 37. gxh3 Kg5 38. Bg3 Kf5 39. Bd6 Kg5 40. Bg3 Kf5 41. Bd6 1/2-1/2

[Event "*** SCC Grand Prix: Titled Tuesday Blitz"]
[Site "Chess.com"]
[Date "2020.06.23"]
[Round "2"]
[White "LedakovAlexandr"]
[Black "ViktoriyaTarasova"]
[Result "1-0"]
[WhiteElo "2455"]
[BlackElo "2247"]
[TimeControl "180+1"]
[EndTime "10:17:18 PDT"]
[Termination "LedakovAlexandr won by resignation"]

1. d4 Nf6 2. Nf3 e6 3. Bg5 d5 4.
Nbd2 Be7 5. e3 b6 6. Bb5+ c6 7. Bd3 O-O 8. Ne5 Bb7 9. Bxf6 Bxf6 10. f4 Nd7 11. O-O c5 12. c3 Rc8 13. Rf3 Be7 14. Rh3 f5 15. Nxd7 Qxd7 16. Qh5 h6 17. Rg3 Kh8 18. Nf3 Qe8 19. Qh3 Bf6 20. Rf1 c4 21. Bc2 b5 22. Ne5 Bxe5 23. fxe5 Qf7 24. Qh4 Kh7 25. Rh3 Qg6 26. g4 Kg8 27. Rg3 Qf7 28.
gxf5 exf5 29. Rxf5 Qe6 30. Qg4 Qe7 31. Qg6 Rc6 32.
Rxf8+ Qxf8 33. Qh7+ Kf7 34. Rf3+ Ke7 35. Rxf8 Kxf8 36. Bg6 Rc8 37. Qh8+ Ke7 38. Qxg7+ 1-0

[Event "*** SCC Grand Prix: Titled Tuesday Blitz"]
[Site "Chess.com"]
[Date "2020.06.23"]
[Round "2"]
[White "Kildepiotr"]
[Black "IMHansNiemann"]
[Result "0-1"]
[WhiteElo "2603"]
[BlackElo "2979"]
[TimeControl "180+1"]
[EndTime "10:17:20 PDT"]
[Termination "IMHansNiemann won by resignation"]

1. Nf3 d5 2. g3 Nf6 3. Bg2 c6 4. O-O Bf5 5. d3 e6 6. Nbd2 h6 7. Qe1 Be7 8. e4 Bh7 9. Qe2 O-O 10. b3 a5 11. a4 c5 12. Bb2 Nc6 13. e5 Nd7 14. c4 Nb4 15. Ne1 Nb8 16. f4 N8c6 17. Ndf3 Qd7 18. Rd1 Rad8 19. d4 cxd4 20. Nxd4 Bc5 21.
cxd5 Nxd5 22. Kh1 Bxd4 23. Bxd4 Nc3 24. Bxc3 Qxd1 25. Qb2 Qb1 26. Qxb1 Bxb1 27. Bxc6 bxc6 28. Bxa5 Rd5 29. Bc3 c5 30. Kg1 Rb8 31. Nf3 Rxb3 32. Kf2 Rxc3 33. Rxb1 Ra3 0-1